MLB
NEW YORK YANKEES @ DETROIT TIGERS
08/22/2047
 
TOP OF THE 1ST
New York Yankees batting - Pitching for Detroit Tigers : RHP Melvin Medellin
Pitching: RHP Melvin Medellin
Batting: LHB Jason Peck 0-0: Ball
1-0: Foul Ball, location: 2F
1-1: Foul Ball, location: 2F
1-2: Strikes out looking
Batting: RHB C.J. Richerson 0-0: Ball
1-0: SINGLE (Line Drive, 7S, EV 93.8 MPH)
Batting: SHB Bartholomeu Chambino 0-0: Ball
1-0: Foul Ball, location: 2F
1-1: Ball
2-1: Fly out, F7 (Flyball, 7LD, EV 104.4 MPH)
Batting: LHB Jim Skare 0-0: SINGLE (Line Drive, 4D, EV 108.8 MPH)
C.J. Richerson to second
Batting: RHB Adriaan Pieters 0-0: Ball
1-0: Foul Ball, location: 2F
1-1: Foul Ball, location: 2F
1-2: Strikes out swinging
Top of the 1st over - 0 runs, 2 hits, 0 errors, 2 left on base; New York 0 - Detroit 0
BOTTOM OF THE 1ST
Detroit Tigers batting - Pitching for New York Yankees : RHP Chris McCoy
Pitching: RHP Chris McCoy
Batting: LHB Tyler Davis 0-0: Ball
1-0: Ball
2-0: Ball
3-0: Base on Balls
Batting: RHB Chris Wheatley 0-0: Ball
1-0: Sac Bunt to 2R - play at first, batter OUT! 2-3
Tyler Davis to second
Batting: RHB Victor Quinones 0-0: Ball
1-0: Ball
2-0: Called Strike
2-1: Fly out, F7 (Flyball, 7D, EV 98.8 MPH)
Runner from 2nd tags up, OUT at 3rd! 7-5
Bottom of the 1st over - 0 runs, 0 hits, 0 errors, 0 left on base; New York 0 - Detroit 0
TOP OF THE 2ND
New York Yankees batting - Pitching for Detroit Tigers : RHP Melvin Medellin
Batting: RHB Shiro Suehiro 0-0: Called Strike
0-1: Swinging Strike
0-2: Ball
1-2: Strikes out swinging
Batting: LHB David Bramble 0-0: Ball
1-0: Fly out, F8 (Line Drive, 8RD, EV 91.9 MPH)
Batting: RHB Russ Shambaugh 0-0: Ball
1-0: Foul Ball, location: 2F
1-1: Ball
2-1: Ball
3-1: Called Strike
3-2: Base on Balls
Batting: LHB Brad Ritter 0-0: Ground out 4-3 (Groundball, 13, EV 83.1 MPH)
Top of the 2nd over - 0 runs, 0 hits, 0 errors, 1 left on base; New York 0 - Detroit 0
BOTTOM OF THE 2ND
Detroit Tigers batting - Pitching for New York Yankees : RHP Chris McCoy
Batting: LHB Morgan Black 0-0: Ball
1-0: Foul Ball, location: 2F
1-1: Called Strike
1-2: Ground out 5-3 (Groundball, 5, EV 89.4 MPH)
Batting: RHB Dave Reynolds 0-0: Called Strike
0-1: Ball
1-1: Fly out, F9 (Flyball, 89M, EV 88.1 MPH)
Batting: RHB Adrian Novakovic 0-0: Called Strike
0-1: Called Strike
0-2: Ball
1-2: Ball
2-2: Foul Ball, location: 2F
2-2: Ball
3-2: Base on Balls
Batting: RHB Andres Leon 0-0: Called Strike
0-1: Reached via error on a dropped throw from 2B, E3 (Groundball, 34, EV 78.1 MPH)
Adrian Novakovic to second
Batting: LHB Emmanuel Gaskin 0-0: Ball
1-0: SINGLE (Line Drive, 89M, EV 99.4 MPH)
Adrian Novakovic to third
Andres Leon to second
Runner from 3rd tries for Home, SAFE, throw by RF to home
Batting: SHB Ross Holland 0-0: Called Strike
0-1: Swinging Strike
0-2: Foul Ball, location: 2F
0-2: Ball
1-2: Ball
2-2: Foul Ball, location: 2F
2-2: Foul Ball, location: 2F
2-2: Strikes out swinging
Bottom of the 2nd over - 1 run, 1 hit, 1 error, 2 left on base; New York 0 - Detroit 1
TOP OF THE 3RD
New York Yankees batting - Pitching for Detroit Tigers : RHP Melvin Medellin
Batting: LHB Jason Peck 0-0: Swinging Strike
0-1: Ball
1-1: Ball
2-1: Ball
3-1: Hit by Pitch
Batting: RHB C.J. Richerson 0-0: Ball
Jason Peck is caught stealing 2nd base 2-4
1-0: Foul Ball, location: 2F
1-1: Ball
2-1: Swinging Strike
2-2: Strikes out swinging
Batting: SHB Bartholomeu Chambino 0-0: Foul Ball, location: 2F
0-1: Ball
1-1: Fly out, F7 (Flyball, 78M, EV 80.6 MPH)
Top of the 3rd over - 0 runs, 0 hits, 0 errors, 0 left on base; New York 0 - Detroit 1
BOTTOM OF THE 3RD
Detroit Tigers batting - Pitching for New York Yankees : RHP Chris McCoy
Batting: LHB Tyler Davis 0-0: Ball
1-0: Ball
2-0: Ball
3-0: Called Strike
3-1: Foul Ball, location: 2F
3-2: Base on Balls
Batting: RHB Chris Wheatley 0-0: Ball
1-0: Fly out, F7 (Flyball, 7LD, EV 79.4 MPH)
Batting: RHB Victor Quinones 0-0: Ball
1-0: Ball
2-0: Foul Ball, location: 2F
2-1: Foul Ball, location: 2F
2-2: Fly out, F8 (Flyball, 78M, EV 93.1 MPH)
Batting: LHB Morgan Black 0-0: Ball
1-0: Called Strike
1-1: Ball
2-1: Ball
3-1: Base on Balls
Tyler Davis to second
Batting: RHB Dave Reynolds 0-0: Called Strike
0-1: Swinging Strike
0-2: Ball
1-2: SINGLE (Line Drive, 89S, EV 99.4 MPH)
Tyler Davis to third
Morgan Black to second
Batting: RHB Adrian Novakovic 0-0: Ball
1-0: Ball
2-0: Called Strike
2-1: Ball
3-1: TRIPLE (Line Drive, 78XD, EV 111.9 MPH)
Tyler Davis scores
Morgan Black scores
Dave Reynolds scores
Batting: RHB Andres Leon 0-0: Called Strike
0-1: Foul Ball, location: 2F
0-2: Foul Ball, location: 2F
0-2: SINGLE (Groundball, 34D, EV 94.4 MPH)
Adrian Novakovic scores
Batting: LHB Emmanuel Gaskin 0-0: Ball
1-0: Ball
2-0: Swinging Strike
2-1: Swinging Strike
2-2: Ball
3-2: Base on Balls
Andres Leon to second
Batting: SHB Ross Holland 0-0: Foul Ball, location: 2F
0-1: Ball
1-1: Ground out 4-3 (Groundball, 4, EV 86.9 MPH)
Bottom of the 3rd over - 4 runs, 3 hits, 0 errors, 2 left on base; New York 0 - Detroit 5
TOP OF THE 4TH
New York Yankees batting - Pitching for Detroit Tigers : RHP Melvin Medellin
Batting: LHB Jim Skare 0-0: Called Strike
0-1: Ground out 5-3 (Groundball, 5L, EV 86.2 MPH)
Batting: RHB Adriaan Pieters 0-0: Ball
1-0: Called Strike
1-1: Swinging Strike
1-2: Strikes out swinging
Batting: RHB Shiro Suehiro 0-0: Ball
1-0: Swinging Strike
1-1: Ball
2-1: Swinging Strike
2-2: Strikes out looking
Top of the 4th over - 0 runs, 0 hits, 0 errors, 0 left on base; New York 0 - Detroit 5
BOTTOM OF THE 4TH
Detroit Tigers batting - Pitching for New York Yankees : RHP Chris McCoy
Batting: LHB Tyler Davis 0-0: Ball
1-0: Fly out, F6 (Popup, 4MD, EV 63.1 MPH)
Batting: RHB Chris Wheatley 0-0: Ball
1-0: Swinging Strike
1-1: Ball
2-1: Foul Ball, location: 2F
2-2: Ball
3-2: Strikes out swinging
Batting: RHB Victor Quinones 0-0: Ball
1-0: Ground out 3-1 (Groundball, 34, EV 91.9 MPH)
Bottom of the 4th over - 0 runs, 0 hits, 0 errors, 0 left on base; New York 0 - Detroit 5
TOP OF THE 5TH
New York Yankees batting - Pitching for Detroit Tigers : RHP Melvin Medellin
Batting: LHB David Bramble 0-0: Called Strike
0-1: Ball
1-1: Swinging Strike
1-2: Foul Ball, location: 2F
1-2: Ball
2-2: Ball
3-2: Strikes out swinging
Batting: RHB Russ Shambaugh 0-0: Ball
1-0: Swinging Strike
1-1: Swinging Strike
1-2: Ball
2-2: Strikes out looking
Batting: LHB Brad Ritter 0-0: Ground out 5-3 (Groundball, 15, EV 82.5 MPH)
Top of the 5th over - 0 runs, 0 hits, 0 errors, 0 left on base; New York 0 - Detroit 5
BOTTOM OF THE 5TH
Detroit Tigers batting - Pitching for New York Yankees : RHP Chris McCoy
Batting: LHB Morgan Black 0-0: Swinging Strike
0-1: Ball
1-1: Fly out, F9 (Flyball, 89XD, EV 91.9 MPH)
Batting: RHB Dave Reynolds 0-0: Swinging Strike
0-1: Ball
1-1: Foul Ball, location: 2F
1-2: Strikes out swinging
Batting: RHB Adrian Novakovic 0-0: SINGLE (Groundball, 6MD, EV 105.0 MPH)
Batting: RHB Andres Leon 0-0: Fielders Choice at 2nd, 5-4 (Groundball, 56, EV 84.4 MPH)
Bottom of the 5th over - 0 runs, 1 hit, 0 errors, 1 left on base; New York 0 - Detroit 5
TOP OF THE 6TH
New York Yankees batting - Pitching for Detroit Tigers : RHP Melvin Medellin
Batting: LHB Jason Peck 0-0: Ball
1-0: Ball
2-0: Called Strike
2-1: Ball
3-1: Base on Balls
Batting: RHB C.J. Richerson 0-0: Swinging Strike
0-1: Ball
1-1: Called Strike
1-2: Foul Ball, location: 2F
1-2: Ball
2-2: Ball
3-2: Base on Balls
Jason Peck to second
Batting: SHB Bartholomeu Chambino 0-0: Ball
1-0: Called Strike
1-1: Ball
2-1: Ball
3-1: Swinging Strike
3-2: Fly out, F7 (Flyball, 7D, EV 102.5 MPH)
Runner from 2nd tags up, SAFE at 3rd, no throw by LF
Batting: LHB Jim Skare 0-0: Ball
1-0: Fly out, F7 (Flyball, 7D, EV 92.5 MPH)
Runner from 3rd tags up, SCORES, throw by LF
Batting: RHB Adriaan Pieters 0-0: SINGLE (Groundball, 6D, EV 109.4 MPH)
C.J. Richerson to second
Batting: RHB Shiro Suehiro 0-0: Foul Ball, location: 2F
0-1: Ball
1-1: Swinging Strike
1-2: Ball
2-2: Ball
3-2: Foul Ball, location: 2F
3-2: Ground out 3-1 (Groundball, 34S, EV 91.2 MPH)
Top of the 6th over - 1 run, 1 hit, 0 errors, 2 left on base; New York 1 - Detroit 5
BOTTOM OF THE 6TH
Detroit Tigers batting - Pitching for New York Yankees : RHP Chris McCoy
Batting: LHB Emmanuel Gaskin 0-0: Called Strike
0-1: Foul Ball, location: 2F
0-2: Foul Ball, location: 2F
0-2: Ball
1-2: Ball
2-2: SINGLE (Groundball, 6MD, EV 106.2 MPH)
Pitching: LHP Robert Cruz
Batting: SHB Ross Holland 0-0: Grounds into double play, 5-4-3 (Groundball, 5, EV 89.4 MPH)
Batting: LHB Tyler Davis 0-0: Foul Ball, location: 2F
0-1: Ball
1-1: Foul Ball, location: 2F
1-2: Ball
2-2: Strikes out swinging
Bottom of the 6th over - 0 runs, 1 hit, 0 errors, 0 left on base; New York 1 - Detroit 5
TOP OF THE 7TH
New York Yankees batting - Pitching for Detroit Tigers : RHP Melvin Medellin
Batting: LHB David Bramble 0-0: Fly out, F8 (Flyball, 8RXD, EV 92.5 MPH)
Batting: RHB Russ Shambaugh 0-0: Ball
1-0: Called Strike
1-1: Foul Ball, location: 2F
1-2: Ball
2-2: Foul Ball, location: 2F
2-2: Ball
3-2: Base on Balls
Pitching: RHP Tim Bemish
Batting: LHB Brad Ritter 0-0: Called Strike
0-1: Foul Ball, location: 2F
0-2: Ball
1-2: SINGLE (Line Drive, 56, EV 108.1 MPH)
Russ Shambaugh to second
Batting: LHB Jason Peck 0-0: Ball
1-0: Foul Ball, location: 2F
1-1: Ball
2-1: Called Strike
2-2: Ball
3-2: Base on Balls
Russ Shambaugh to third
Brad Ritter to second
Batting: RHB C.J. Richerson 0-0: Called Strike
0-1: Fly out, F7 (Line Drive, 78M, EV 95.0 MPH)
Runner from 3rd tags up, SCORES, throw by LF
Batting: SHB Bartholomeu Chambino 0-0: Called Strike
0-1: Ball
1-1: Hit by Pitch
Brad Ritter to third
Jason Peck to second
Batting: LHB Jim Skare 0-0: DOUBLE (Flyball, 8LXD, EV 101.2 MPH)
Brad Ritter scores
Jason Peck scores
Bartholomeu Chambino to third
Runner from 3rd tries for Home, SAFE, no throw by CF
Batting: RHB Adriaan Pieters 0-0: Called Strike
0-1: SINGLE (Line Drive, 8LS, EV 97.5 MPH)
Jim Skare to third
Runner from 3rd tries for Home, SAFE, throw by CF to home
Pitching: RHP Wayne McAllister
Batting: RHB Shiro Suehiro 0-0: Ball
1-0: Called Strike
Pickoff Throw by Catcher to First - Out!
Top of the 7th over - 5 runs, 3 hits, 0 errors, 0 left on base; New York 6 - Detroit 5
BOTTOM OF THE 7TH
Detroit Tigers batting - Pitching for New York Yankees : LHP Robert Cruz
Batting: RHB Chris Wheatley 0-0: Ball
1-0: Ball
2-0: Foul Ball, location: 2F
2-1: Called Strike
2-2: Foul Ball, location: 2F
2-2: Foul Ball, location: 2F
2-2: Ball
3-2: SINGLE (Line Drive, 8LS, EV 110.0 MPH)
Batting: RHB Victor Quinones 0-0: Ball
1-0: Called Strike
1-1: TRIPLE (Flyball, 9LD, EV 104.4 MPH)
Chris Wheatley scores
Pinch Hitting: RHB Greg Harman 0-0: Intentional Walk
Batting: RHB Dave Reynolds 0-0: Ball
1-0: Ball
2-0: Ball
3-0: Called Strike
3-1: Base on Balls
Greg Harman to second
Batting: RHB Adrian Novakovic 0-0: Foul Ball, location: 2F
0-1: Foul Ball, location: 2F
0-2: Strikes out swinging
Batting: RHB Andres Leon 0-0: Called Strike
0-1: Swinging Strike
0-2: Ball
1-2: Ball
2-2: Strikes out looking
Batting: LHB Emmanuel Gaskin 0-0: Foul Ball, location: 2F
0-1: Ball
1-1: SINGLE (Line Drive, 4MD, EV 96.2 MPH)
Victor Quinones scores
Greg Harman to third
Dave Reynolds to second
Runner from 3rd tries for Home, SAFE, throw by CF to home
Batting: SHB Ross Holland 0-0: Called Strike
0-1: Called Strike
0-2: Fly out, F9 (Flyball, 89M, EV 91.9 MPH)
Bottom of the 7th over - 3 runs, 3 hits, 0 errors, 2 left on base; New York 6 - Detroit 8
TOP OF THE 8TH
New York Yankees batting - Pitching for Detroit Tigers : RHP Wayne McAllister
Now in LF: Tyler Davis
Now in RF: Luke Feeney
Batting: RHB Shiro Suehiro 0-0: Foul Ball, location: 2F
0-1: Ball
1-1: SOLO HOME RUN (Flyball, 7D, EV 106.2 MPH), Distance : 396 ft
Batting: LHB David Bramble 0-0: Called Strike
0-1: Ball
1-1: Foul Ball, location: 2F
1-2: Strikes out looking
Batting: RHB Russ Shambaugh 0-0: Called Strike
0-1: Ground out 4-3 (Groundball, 4, EV 87.5 MPH)
Batting: LHB Brad Ritter 0-0: Called Strike
0-1: Called Strike
0-2: Ball
1-2: Ball
2-2: Strikes out swinging
Top of the 8th over - 1 run, 1 hit, 0 errors, 0 left on base; New York 7 - Detroit 8
BOTTOM OF THE 8TH
Detroit Tigers batting - Pitching for New York Yankees : LHP Robert Cruz
Pitching: RHP Dave Barry
Batting: LHB Tyler Davis 0-0: Ball
1-0: Foul Ball, location: 2F
1-1: SINGLE (Groundball, 4MD, EV 104.4 MPH)
Batting: RHB Chris Wheatley 0-0: Sac Bunt to 2R - play at first, batter OUT! 2-3
Tyler Davis to second
Batting: RHB Victor Quinones 0-0: Called Strike
0-1: Ball
1-1: Called Strike
1-2: Ball
2-2: Ball
3-2: Foul Ball, location: 2F
3-2: SINGLE (Groundball, 34D, EV 106.2 MPH)
Tyler Davis to third
Batting: RHB Luke Feeney 0-0: Ball
Victor Quinones steals 2nd base
1-0: Foul Ball, location: 2F
1-1: Ball
2-1: Called Strike
2-2: Foul Ball, location: 2F
2-2: Foul Ball, location: 2F
2-2: Strikes out swinging
Batting: RHB Dave Reynolds 0-0: Called Strike
0-1: 3-RUN HOME RUN (Flyball, 89XD, EV 113.1 MPH), Distance : 421 ft
Pitching: RHP Edwin Espinal
Batting: RHB Adrian Novakovic 0-0: Called Strike
0-1: Swinging Strike
0-2: Ball
1-2: Ball
2-2: Foul Ball, location: 2F
2-2: Strikes out swinging
Bottom of the 8th over - 3 runs, 3 hits, 0 errors, 0 left on base; New York 7 - Detroit 11
TOP OF THE 9TH
New York Yankees batting - Pitching for Detroit Tigers : RHP Wayne McAllister
Pitching: RHP Steve McGaughey
Batting: LHB Jason Peck 0-0: Ball
1-0: Ground out 3-1 (Groundball, 34, EV 82.5 MPH)
Batting: RHB C.J. Richerson 0-0: Foul Ball, location: 2F
0-1: SINGLE (Line Drive, 8LS, EV 105.0 MPH)
Batting: SHB Bartholomeu Chambino 0-0: Ball
1-0: Ball
2-0: Foul Ball, location: 2F
2-1: Foul Ball, location: 2F
2-2: Ball
3-2: Base on Balls
C.J. Richerson to second
Batting: LHB Jim Skare 0-0: Called Strike
0-1: Fly out, F8 (Flyball, 89M, EV 95.6 MPH)
Batting: RHB Adriaan Pieters 0-0: Ball
1-0: Ball
2-0: Foul Ball, location: 2F
2-1: Ball
3-1: Foul Ball, location: 2F
3-2: Base on Balls
C.J. Richerson to third
Bartholomeu Chambino to second
Batting: RHB Shiro Suehiro 0-0: Ball
1-0: Ball
2-0: Ball
3-0: Called Strike
3-1: Foul Ball, location: 2F
3-2: Foul Ball, location: 2F
3-2: Foul Ball, location: 2F
3-2: Base on Balls
C.J. Richerson scores
Bartholomeu Chambino to third
Adriaan Pieters to second
Pitching: RHP Franz Holzknecht
Batting: LHB David Bramble 0-0: Swinging Strike
0-1: Ball
1-1: Foul Ball, location: 2F
1-2: Foul Ball, location: 2F
1-2: Strikes out swinging
Top of the 9th over - 1 run, 1 hit, 0 errors, 3 left on base; New York 8 - Detroit 11
Thursday, December 15th , 2022 - OOTP Baseball 23.9 Build 102